 Dungeon Crawl Stone Soup version 0.31.0-11-ge490571c62 (webtiles) character file.

Game seed: 16022742939570621590

259 Danswan24 the Trooper (level 5, 0/48 HPs)
             Began as a Minotaur Monk on Feb 3, 2024.
             Was a Believer of Wu Jian.
             Slain by a gnoll
             ... wielding a +1 spear of freezing
              (1 damage)
             ... on level 4 of the Dungeon.
             The game lasted 00:06:03 (2281 turns).

Danswan24 the Trooper (Minotaur Monk)               Turns: 2281, Time: 00:06:04

Health: 0/48       AC:  3    Str: 18    XL:     5   Next: 95%
Magic:  4/4        EV: 13    Int:  7    God:    Wu Jian [**....]
Gold:   169        SH:  0    Dex: 12    Spells: 4/4 levels left

rFire   . .          .
                       - Unarmed
rCold   . . .        c - orb {light}
rNeg    . . .        l - +0 leather armour
rPois   .            (helmet restricted)
rElec   .            (no cloak)
rCorr   .            (no gloves)
SInv    .            (no boots)
Will    .....        (no amulet)
Stlth   +            (no ring)
HPRegen 0.28/turn    (no ring)
MPRegen 0.09/turn

%: no passive effects
@: glowing
A: horns 2, retaliatory headbutt
a: Renounce Religion, Wall Jump


You were on level 4 of the Dungeon.
You worshipped Wu Jian.
Wu Jian was pleased with you.
You visited 1 branch of the dungeon, and saw 4 of its levels.

You collected 169 gold pieces.

Inventory:

Armour
 a - a +0 robe
 c - an orb of light (worn)
 l - a +0 leather armour (worn)
Jewellery
 k - a ring of poison resistance
 n - a +4 ring of protection
Scrolls
 d - 2 scrolls of teleportation {unknown}
 h - 3 scrolls of identify {unknown}
 i - a scroll of immolation {unknown}
Potions
 b - a potion of ambrosia
 e - 2 potions of haste {unknown}
 f - a potion of mutation {unknown}
 g - a potion of heal wounds {unknown}
 j - a potion of might {unknown}
 m - 3 potions of degeneration {unknown}


   Skills:
 + Level 5.2 Fighting
 * Level 2.7 Armour
 + Level 4.7 Dodging
 + Level 4.7 Unarmed Combat


You had 4 spell levels left.
You didn't know any spells.
Your spell library contained the following spells:

 Spells                   Type           Power      Damage    Failure   Level
 Summon Small Mammal      Summ           0%         N/A       50%         1
 Cigotuvi's Dreadful Rot  Necr/Alch/Air  0%         N/A       63%         2
 Dazzling Flash           Conj/Hex       0%         N/A       86%         3
 Mephitic Cloud           Conj/Alch/Air  0%         N/A       86%         3
 Ignite Poison            Fire/Alch      0%         N/A       99%         4
 Curse of Agony           Necr           0%         N/A       100%        5
 Freezing Cloud           Conj/Ice/Air   0%         6-21      100%        5
 Silence                  Hex/Air        0%         N/A       100%        5


Dungeon Overview and Level Annotations

Branches:
Dungeon (4/15)
 Temple: D:4-7

Altars:
Wu Jian
Xom

Shops:
D:1 :

Annotations:
D:3 Grinder


Innate Abilities, Weirdness & Mutations

You have a pair of horns on your head.
You reflexively headbutt those who attack you in melee.


Message History

The gnoll closely misses you. x2
You hit the gnoll.
The gnoll is almost dead.
The gnoll barely misses you. You furiously retaliate!
You headbutt the gnoll.
You kill the gnoll!
The Council accepts your kill. The gnoll closely misses you.
The gnoll barely misses you. The gnoll attacks as it pursues you!
The gnoll barely misses you. The gnoll attacks as it pursues you!
The gnoll hits you from afar with a +0 halberd.
A gnoll opens the door.
The gnoll attacks as it pursues you!
The gnoll hits you from afar with a +1 spear of freezing.
The gnoll freezes you.
You see here an adder corpse.
The gnoll closely misses you.
You lunge at the gnoll.
You barely miss the gnoll.
The gnoll hits you from afar with a +0 halberd!
The gnoll closely misses you.
You hit the gnoll.
The gnoll is moderately wounded.
The gnoll barely misses you.
The gnoll hits you with a +1 spear of freezing.
The gnoll freezes you.
You barely miss the gnoll.
The gnoll is moderately wounded.
The gnoll hits you from afar with a +0 halberd!
The gnoll closely misses you.
You barely miss the gnoll. You headbutt the gnoll!
The gnoll is severely wounded.
The gnoll hits you from afar with a +0 halberd!
* * * LOW HITPOINT WARNING * * *
The gnoll hits you with a +1 spear of freezing.
* * * LOW HITPOINT WARNING * * *
The gnoll freezes you.
* * * LOW HITPOINT WARNING * * *
The gnoll hits you from afar with a +1 spear of freezing.
* * * LOW HITPOINT WARNING * * *
The gnoll freezes you.
You die...

#..##.#....##.
#.....#....##.
#.....#.......
#....^.......#
#...........##
#####.....#...#..#
#...).........#...
#.#.#.........#.#.
#@#.##.....[......
#.#.#####.........
#g#.#####..##.#.#.
#g#.##............
#s#.##.P# #..####
#...##..# #..#
#.>###..# #..#
#..# #.P####..###+
#..###............


You could see a scorpion and 2 gnolls.

Vanquished Creatures
  A scorpion (D:4)
  An iguana (D:4)
  9 gnolls
  3 adders
  2 dart slugs
  9 ball pythons
  3 bats
  6 endoplasms
  A giant cockroach (D:1)
  2 goblins (D:1)
  6 hobgoblins
  A jackal (D:3)
  3 quokkas
  2 frilled lizards (D:1)
  6 kobolds
  7 rats
62 creatures vanquished.

Notes
Turn   | Place    | Note
-------+----------+-------------------------------------------
     0 | D:1      | Danswan24 the Minotaur Monk began the quest for the Orb.
     0 | D:1      | Reached XP level 1. HP: 19/19 MP: 0/0
   104 | D:1      | Reached XP level 2. HP: 27/27 MP: 1/1
   201 | D:1      | Found Xiod Joj's Book Shoppe.
   268 | D:1      | Reached skill level 4 in Fighting
   614 | D:2      | Identified the +8 falchion "Axirpheh" {flame, Dex+3}
   650 | D:2      | Reached XP level 3. HP: 26/33 MP: 2/2
   700 | D:2      | Found a faded altar of an unknown god.
   745 | D:2      | Got Plato's Catalogue of the Retinue
   848 | D:1      | Reached XP level 4. HP: 18/41 MP: 3/3
  1690 | D:3      | Found a shimmering altar of Xom.
  1791 | D:3      | Noticed Grinder
  1797 | D:3      | Reached skill level 1 in Armour
  1998 | D:3      | Found an ornate altar of the Wu Jian Council.
  2004 | D:3      | Became a worshipper of the Wu Jian Council
  2004 | D:3      | Reached * piety under Wu Jian
  2004 | D:3      | Reached ** piety under Wu Jian
  2031 | D:3      | Reached XP level 5. HP: 45/47 MP: 4/4
  2033 | D:3      | Reached skill level 5 in Fighting
  2280 | D:4      | HP: 2/48 [gnoll/+1 spear of freezing (1)]
  2281 | D:4      | Slain by a gnoll

Illustrated notes

Levels and vault maps discovered:
D:1:      dpeg_arrival_tiny_j, layout_basic, serial_shops,
          nicolae_shop_just_a_little_nook, minmay_misc_feat_pillars, st_stairs_1
D:2:      layout_basic, shapermc_ecumenical_altar_rom_forum, serial_curves,
          eino_curves_01, eino_curves_03
D:3:      layout_basic, nzn_wu_jian_council_hall, overflow_temple_1_default,
          gup_sewer_entry_bubbles, grunt_ministairs_14, minmay_fountain_box,
          uniq_grinder
D:4:      corexii_shack_village, layout_loops_ring,
          mainiacjoe_overflow_boulevard, temple_pool_b, uniq_sigmund

Skill      XL: |  1  2  3  4  5 |
---------------+----------------+-----
Fighting       | 4 5 |  5.2
Dodging        | 4 |  4.7
Unarmed Combat | 4 |  4.7
Armour         | 1 2 |  2.7

Action                     |  1- 3 |  4- 6 || total
---------------------------+-------+-------++-------
  Melee: Unarmed           |    57 |    70 ||   127
         Headbutt          |     9 |    13 ||    22
Ability: Whirlwind         |       |     8 ||     8
         Lunge             |       |     2 ||     2
 Armour: Robe              |    22 |    10 ||    32
         Leather armour    |       |    32 ||    32
  Dodge: Dodged            |    49 |    65 ||   114
